 Dungeon Crawl Stone Soup version 0.31.0-9-g3a7656b989 (webtiles) character file.

Game seed: 1633400459558835387

51 Skeral the Gusty (level 3, -1/24 HPs)
             Began as a Merfolk Air Elementalist on Jan 24, 2024.
             Slain by a cerulean imp
             ... wielding a +1 spear
             ... summoned by Natasha
              (5 damage)
             ... on level 2 of the Dungeon.
             The game lasted 00:05:05 (1325 turns).

Skeral the Gusty (Merfolk Air Elementalist)         Turns: 1325, Time: 00:05:05

Health: -1/24      AC:  3    Str:  8    XL:     3   Next: 83%
Magic:  6/7        EV: 12    Int: 16    God:
Gold:   80         SH:  0    Dex: 14    Spells: 4/7 levels left

rFire   . . .        c - +0 short sword
rCold   . . .        (no shield)
rNeg    . . .        a - +0 robe
rPois   .            (no helmet)
rElec   .            (no cloak)
rCorr   .            (no gloves)
SInv    .            k - +0 pair of boots
Will    .....        (no amulet)
Stlth   ++           (no ring)
HPRegen 0.24/turn    (no ring)
MPRegen 0.10/turn

%: no passive effects
@: very slightly contaminated, slowed, very slow
A: (nimble swimmer 2), mertail
a: no special abilities


You were on level 2 of the Dungeon.
You visited 1 branch of the dungeon, and saw 2 of its levels.

You collected 80 gold pieces.


Innate Abilities, Weirdness & Mutations

((You are very nimble when in or above water. (Stealth+, EV+, Speed+++)))
Your lower body shifts to a powerful aquatic tail in water.


   Skills:
 - Level 2.6 Dodging
 - Level 2.1 Stealth
 + Level 2.6 Spellcasting
 + Level 1.7 Conjurations
 + Level 2.9 Air Magic


You had 4 spell levels left.
You knew the following spells:

 Your Spells              Type           Power      Damage    Failure   Level
d - Static Discharge      Conj/Air       18%        3-4/arc   11%         2
s - Shock                 Conj/Air       36%        1d5       8%          1

Your spell library contained the following spells:

 Spells                   Type           Power      Damage    Failure   Level
 Swiftness                Air            11%        N/A       17%         3
 Airstrike                Air            5%         2d(1-17)  50%         4

Inventory:

Hand Weapons
 c - a +0 short sword (weapon)
   (You took it off a kobold on level 1 of the Dungeon)
Missiles
 g - 6 poisoned darts
 i - a throwing net {=f!f}
Armour
 a - a +0 robe (worn)
 k - a +0 pair of boots (worn)
   (You found it on level 2 of the Dungeon)
Scrolls
 d - a scroll of enchant weapon {unknown}
 f - 2 scrolls of identify {unknown}
 h - a scroll of fear {unknown}
 j - a scroll of blinking {unknown}
Potions
 b - a potion of magic
 e - a potion of might {unknown}
 l - a potion of heal wounds {unknown}

Dungeon Overview and Level Annotations

Branches:
Dungeon (2/15) Zot: 10673

Altars:
Qazlal

Annotations:
D:2 Natasha

#.## ##.............#. ##.#
##...........##. ##..#
#.##..[.####### #..##
#.#..##..# ##.## #.#.####.#
## #####.†### ##.#.# ..# #..
#........# ####5...# #..##.#
#........####...5h### #..#.#
#.............@#### #.#.#
#........###..## >..#
#........# #.## #..#
#........# #.# ##..#
#........###.# #######...#
##########...# ##.......#.#
#.### #####........#..
########.#####(...........###
#..........##..####.......#


You could see Natasha and 2 cerulean imps.


Message History

You feel troubled. 😎 MP[-1]
You lost 1 mp, and now have 6/7 mp.
Natasha mumbles some strange words.
Casting: Shock (safe; 8% risk of failure)
Confirm with . or Enter, or press ? or * to list all spells.
Aiming: Shock (safe; 8% risk of failure)
Press: ? - help, Shift-Dir - straight line, f/p - Natasha
Aim: Natasha (60% to hit)
You miscast Shock.
Nothing appears to happen.
The cerulean imp hits you but does no damage. 😎 MP[-1]
You lost 1 mp, and now have 5/7 mp.
Casting: Shock (safe; 8% risk of failure)
Confirm with . or Enter, or press ? or * to list all spells.
Aiming: Shock (safe; 8% risk of failure)
Press: ? - help, Shift-Dir - straight line, f/p - Natasha
Aim: Natasha (60% to hit)
You miscast Shock.
Nothing appears to happen.
The cerulean imp closely misses you. 😎 MP[-1]
You lost 1 mp, and now have 4/7 mp.
Casting: Shock (safe; 8% risk of failure)
Confirm with . or Enter, or press ? or * to list all spells.
Aiming: Shock (safe; 8% risk of failure)
Press: ? - help, Shift-Dir - straight line, f/p - Natasha
Aim: Natasha (60% to hit)
The zap hits the cerulean imp.
The cerulean imp completely resists.
The zap hits Natasha.
The cerulean imp barely misses you.
Natasha mumbles some strange words. 😎 MP[-1]
You lost 1 mp, and now have 3/7 mp.
Casting: Shock (safe; 8% risk of failure)
Confirm with . or Enter, or press ? or * to list all spells.
Aiming: Shock (safe; 8% risk of failure)
Press: ? - help, Shift-Dir - straight line, f/p - Natasha
Aim: Natasha (lightly wounded, 60% to hit)
The zap misses the cerulean imp.
The zap hits Natasha.
The cerulean imp closely misses you.
The cerulean imp hits you with a +2 spear. 😮 HP[-6]
You take 6 damage, and now have 18/24 hp.
MASSIVE DAMAGE!! (PAUSE)
Casting: Shock (safe; 8% risk of failure)
Confirm with . or Enter, or press ? or * to list all spells.
Aiming: Shock (safe; 8% risk of failure)
Press: ? - help, Shift-Dir - straight line, p - Natasha The zap hits the cerulean imp.
The cerulean imp resists.
The zap hits Natasha.
The cerulean imp closely misses you. x2 😕 HP[+1] MP[-1]
You lost 1 mp, and now have 2/7 mp.
Casting: Shock (safe; 8% risk of failure)
Confirm with . or Enter, or press ? or * to list all spells.
Aiming: Shock (safe; 8% risk of failure)
Press: ? - help, Shift-Dir - straight line The zap hits the cerulean imp.
The cerulean imp completely resists.
The zap hits Natasha.
The cerulean imp hits you but does no damage. x2 😕 MP[-1]
You lost 1 mp, and now have 1/7 mp.
Casting: Shock (safe; 8% risk of failure)
Confirm with . or Enter, or press ? or * to list all spells.
Aiming: Shock (safe; 8% risk of failure)
Press: ? - help, Shift-Dir - straight line The zap hits the cerulean imp.
The cerulean imp resists.
The zap misses Natasha.
The cerulean imp hits you with a +2 spear.
The cerulean imp barely misses you. 😮 HP[-6] MP[-1]
You take 6 damage, and now have 13/24 hp.
MASSIVE DAMAGE!! (PAUSE)
You lost 1 mp, and now have 0/7 mp.
The cerulean imp hits you but does no damage.
The cerulean imp hits you from afar with a +2 spear.
* * * LOW HITPOINT WARNING * * *
😨 HP[-2]
You take 2 damage, and now have 11/24 hp. 😨 HP[+1] Natasha stares at you and mumbles some strange words.
You feel yourself slow down. The cerulean imp barely misses you.
You see here an adder skeleton.
Magic courses through your body. The cerulean imp barely misses you.
The cerulean imp hits you from afar with a +1 spear.
* * * LOW HITPOINT WARNING * * *
😨 HP[-5] MP[+7]
You take 5 damage, and now have 7/24 hp.
MASSIVE DAMAGE!! (PAUSE)
Your mp is fully restored (7).
Casting: Shock (safe; 8% risk of failure)
Confirm with . or Enter, or press ? or * to list all spells.
Aiming: Shock (safe; 8% risk of failure)
Press: ? - help, Shift-Dir - straight line, f - Natasha
Aim: Natasha (heavily wounded, 60% to hit)
The zap misses the cerulean imp.
The zap hits Natasha.
The cerulean imp hits you from afar with a +2 spear.
* * * LOW HITPOINT WARNING * * *
The cerulean imp hits you from afar with a +1 spear.
You die...

Skill      XL: |  1 |
---------------+----+-----
Conjurations   | 1 |  1.7
Dodging        | |  2.6
Stealth        | |  2.1
Spellcasting   | |  2.6
Air Magic      | |  2.9

Action                     || total
---------------------------++-------
  Melee: Short sword       ||    25
   Cast: Shock             ||    68
    Use: Potion            ||     1
   Stab: Sleeping          ||     1
 Armour: Robe              ||    32
  Dodge: Dodged            ||    34

Levels and vault maps discovered:
D:1:      ebering_trefoil_3fold, layout_loops_cross,
          dreamdust_mushroom_princess, minmay_pentomino_z4
D:2:      layout_rooms, basic_altar, grunt_decor_resistance, uniq_natasha

Notes
Turn   | Place    | Note
-------+----------+-------------------------------------------
     0 | D:1      | Skeral the Merfolk Air Elementalist began the quest for the
                  | Orb.
     0 | D:1      | Reached XP level 1. HP: 13/13 MP: 3/3
     0 | D:1      | magus.rc [v1.10.3]
    86 | D:1      | HP: 3/13 [hobgoblin (2)]
    90 | D:1      | Reached skill level 1 in Conjurations
   215 | D:1      | Reached XP level 2. HP: 19/19 MP: 5/5
   502 | D:1      | Learned a level 2 spell: Static Discharge
   697 | D:1      | Reached XP level 3. HP: 24/24 MP: 2/6
  1131 | D:2      | Found a stormy altar of Qazlal.
  1305 | D:2      | Noticed Natasha
  1325 | D:2      | HP: 4/24 [cerulean imp/+2 spear[Natasha] (4)]
  1325 | D:2      | Slain by a cerulean imp

Vanquished Creatures
  An adder (D:2)
  A dart slug (D:1)
  5 ball pythons
  5 bats
  2 endoplasms (D:2)
  2 giant cockroaches (D:2)
  4 hobgoblins
  A quokka (D:1)
  3 frilled lizards
  4 goblins
  5 kobolds
  7 rats
40 creatures vanquished.

Table legend:
 A = Non-vault XP
 B = Vault XP
 C = Vault XP percentage of total XP
 D = Non-vault monster count
 E = Vault monster count
 F = Vault count percentage of total count
                 A         B        C        D         E       F
            +---------+---------+-------+---------+---------+-------
      Total |      68 |       6 |   8.1 |      36 |       4 |  10.0
            +---------+---------+-------+---------+---------+-------
        D:1 |      34 |       6 |  15.0 |      21 |       4 |  16.0
        D:2 |      34 |       0 |   0.0 |      15 |       0 |   0.0
            +---------+---------+-------+---------+---------+-------

Skill      XL: |  1 |
---------------+----+-----
Conjurations   | 1 |  1.7
Dodging        | |  2.6
Stealth        | |  2.1
Spellcasting   | |  2.6
Air Magic      | |  2.9

Action                     || total
---------------------------++-------
  Melee: Short sword       ||    25
   Cast: Shock             ||    68
    Use: Potion            ||     1
   Stab: Sleeping          ||     1
 Armour: Robe              ||    32
  Dodge: Dodged            ||    34

Illustrated notes

Table legend:
 A = Kills in this place as a percentage of kills in the entire game.
 B = Kills by you in this place as a percentage of kills by you in the entire game.
 C = Kills by friends in this place as a percentage of kills by friends in the entire game.
 D = Other kills in this place as a percentage of other kills in the entire game.
 E = Experience gained in this place as a percentage of experience gained in the entire game.
 F = Experience gained in this place divided by the number of levels of this place that you have seen.
                   A       B       C       D       E      F
               +-------+-------+-------+-------+-------+----------------------
         Total | 100.0 | 100.0 |   N/A |   N/A | 100.0 |  37.0
       Dungeon | 100.0 | 100.0 |   N/A |   N/A | 100.0 |  37.0
               +-------+-------+-------+-------+-------+----------------------

Table legend: (Time is in decaauts)
 A = Elapsed time spent in this place.
 B = Non-inter-level travel time spent in this place.
 C = Inter-level travel time spent in this place.
 D = Time resting spent in this place.
 E = Time spent auto-exploring this place.
 F = Levels seen in this place.
 G = Mean time per level.
                   A        B        C        D        E       F      G
               +--------+--------+--------+--------+--------+-----+--------+
         Total |   1324 |   1300 |     24 |    357 |    289 |   2 |  662.0 |
       Dungeon |   1324 |   1300 |     24 |    357 |    289 |   2 |  662.0 |
               +--------+--------+--------+--------+--------+-----+--------+

Top non-repeatable levels by time:
     D:1: 884 daAuts
     D:2: 440 daAuts
